 Dungeon Crawl Stone Soup version 0.31-a0-1071-gaead2f62b1 (webtiles) character file.

Game seed: 4839142551478288244

313149 Forgeling the Genius of the Arcane (level 21, -5/167 HPs)
             Began as a Gnoll Artificer on Nov 23, 2023.
             Was the Champion of Sif Muna.
             Slain by a dire elephant (19 damage)
             ... on level 4 of the Vaults on Nov 25, 2023.
             The game lasted 03:42:13 (63244 turns).

Forgeling the Genius of the Arcane (GnAr)          Turns: 63244, Time: 03:42:13

Health: -5/167     AC: 14    Str: 12    XL:     21   Next: 32%
Magic:  31/39      EV: 26    Int: 34    God:    Sif Muna [******]
Gold:   1583       SH:  0    Dex: 26    Spells: 8/49 levels left

rFire   + . .        a - +8 longbow "Zephyr" {speed, Dex+3 SInv}
rCold   + . .        (shield currently unavailable)
rNeg    . . .        L - +1 robe {Will+}
rPois   +            n - +2 helmet {Int+3}
rElec   .            c - scarf {+Inv}
rCorr   .            I - +2 pair of gloves {Dex+3}
SInv    +            s - +1 pair of boots
Will    ++...        Z - amulet of magic regeneration
Stlth   ++++++       k - ring "Coittu" {rC+ Int+6 Dex+4 Slay+2}
HPRegen 0.47/turn    W - ring of the Duchess {Fly rPois rF+ Int+5 Dex+2}
MPRegen 0.66/turn

%: no passive effects
@: flying, slightly contaminated, studying Invocations
A: fangs 1, strong nose, distributed training
}: 2/15 runes: barnacled, gossamer
a: Renounce Religion, Evoke Invisibility, Channel Magic, Forget Spell, Divine
Exegesis


You were on level 4 of the Vaults.
You worshipped Sif Muna.
Sif Muna was exalted by your worship.
You visited 6 branches of the dungeon, and saw 34 of its levels.
You also visited: Trove and Ice Cave.

You collected 5117 gold pieces.
You spent 3534 gold pieces at shops.

Inventory:

Hand Weapons
 a - the +8 longbow "Zephyr" (weapon) {speed, Dex+3 SInv}
   (You bought it in a shop on level 2 of the Orcish Mines)

   Dex+3:     It affects your dexterity (+3).
   SInv:      It lets you see invisible.
 T - the +6 quick blade of Pocwyff {spect, rPois rC+ Will+ Str+2}
   (You found it in a treasure trove)

   Str+2:     It affects your strength (+2).
   rC+:       It protects you from cold.
   rPois:     It protects you from poison Will+: It increases your willpower.
Missiles
 o - 42 boomerangs
 p - 4 curare-tipped darts
 t - 41 poisoned darts
 u - 8 throwing nets
 w - 16 javelins
 z - 3 silver javelins
Armour
 c - a scarf of invisibility (worn)
 n - a +2 helmet of intelligence (worn)
 s - a +1 pair of boots (worn)
 I - a +2 pair of gloves of dexterity (worn)
 L - a +1 robe of willpower (worn)
Magical Staves
 b - the staff of Resumed Hostilities {rElec rF+ Will+++ rCorr Str-3 Fire}
   (You found it on level 12 of the Dungeon)

   [staff of fire]

   Base accuracy: +5 Base damage: 5 Base attack delay: 1.2 This weapon's minimum
   attack delay (0.6) is reached at skill level 12.
   Str-3:     It affects your strength (-3).
   rF+:       It protects you from fire.
   rElec:     It insulates you from electricity.
   Will+++:   It greatly increases your willpower.
   rCorr:     It protects you from acid and corrosion.
   Fire:      It increases the power of your Fire spells.
   It falls into the 'Staves' category.
   It is a one-handed weapon.
Jewellery
 k - the ring "Coittu" (left hand) {rC+ Int+6 Dex+4 Slay+2}
   (You found it on level 14 of the Dungeon)

   [ring of intelligence]

   Int+6:     It affects your intelligence (+6).
   Dex+4:     It affects your dexterity (+4).
   Slay+2:    It affects your accuracy & damage with ranged weapons and melee
   (+2).
   rC+:       It protects you from cold.
 W - the ring of the Duchess (right hand) {Fly rPois rF+ Int+5 Dex+2}
   (You found it on level 14 of the Dungeon)

   [ring of flight]

   Int+5:     It affects your intelligence (+5).
   Dex+2:     It affects your dexterity (+2).
   rF+:       It protects you from fire.
   rPois:     It protects you from poison Fly: It grants you flight.
 Z - an amulet of magic regeneration (around neck)
Wands
 d - a wand of digging (4)
 e - a wand of paralysis (4)
 h - a wand of acid (17)
 i - a wand of charming (2)
 r - a wand of iceblast (55)
 y - a wand of mindburst (15)
Scrolls
 f - 5 scrolls of enchant weapon
 l - a scroll of brand weapon
 x - 3 scrolls of enchant armour
 D - 2 scrolls of blinking
 E - 3 scrolls of fear
 F - 8 scrolls of fog
 K - 4 scrolls of immolation
 P - 2 scrolls of poison
 S - 2 scrolls of butterflies
 V - 3 scrolls of vulnerability
 X - 4 scrolls of revelation {@r4}
 Y - 17 scrolls of teleportation {@r3}
Potions
 q - 3 potions of enlightenment
 A - a potion of attraction
 B - 4 potions of brilliance
 C - 2 potions of cancellation
 G - 8 potions of ambrosia
 H - 8 potions of haste
 J - 11 potions of curing {@q1}
 M - 5 potions of might
 N - 7 potions of heal wounds {@q2}
 Q - 2 potions of magic
 R - 3 potions of resistance
 U - 5 potions of mutation
Miscellaneous
 j - a sack of spiders (inert)
 m - a phantom mirror
 v - a lightning rod (4/4)


   Skills:
 + Level 14.8 Fighting
 + Level 14.5 Short Blades
 + Level 14.5 Long Blades
 + Level 14.5 Axes
 + Level 14.5 Maces & Flails
 + Level 14.5 Polearms
 + Level 14.5 Staves
 + Level 14.5 Ranged Weapons
 + Level 14.5 Throwing
 + Level 15.2 Armour
 + Level 14.8 Dodging
 + Level 14.7 Stealth
 + Level 14.5 Shields
 + Level 14.5 Unarmed Combat
 + Level 14.5 Spellcasting
 + Level 12.4 Conjurations
 + Level 12.4 Hexes
 + Level 12.4 Summonings
 + Level 12.4 Necromancy
 + Level 12.4 Translocations
 + Level 12.4 Transmutations
 + Level 12.4 Fire Magic
 + Level 12.4 Ice Magic
 + Level 12.4 Air Magic
 + Level 12.4 Earth Magic
 + Level 12.4 Poison Magic
 + Level 17.5 Invocations
 + Level 15.8 Evocations
 + Level 13.4 Shapeshifting


You had 8 spell levels left.
You knew the following spells:

 Your Spells              Type           Power      Damage    Failure   Level
a - Summon Lightning Spi  Summ/Air       83%        N/A       1%          4
c - Frozen Ramparts       Ice            100%       1d16      1%          3
f - Dimensional Bullseye  Hex/Tloc       41%        N/A       1%          4
g - Agony                 Necr           83%        N/A       1%          5
i - Yara's Violent Unrav  Hex/Tmut       41%        3d16      1%          5
s - Airstrike             Air            41%        2d(6-22)  1%          4
u - Summon Mana Viper     Hex/Summ       83%        N/A       1%          5
v - Starburst             Conj/Fire      41%        6d12      1%          6
y - Irradiate             Conj/Tmut      41%        3d25      1%          5

Your spell library contained the following spells:

 Spells                   Type           Power      Damage    Failure   Level
 Apportation              Tloc           100%       N/A       0%          1
 Foxfire                  Conj/Fire      100%       2x1d9     0%          1
 Freeze                   Ice            100%       1d10      0%          1
 Kiss of Death            Conj/Necr      100%       2d13      0%          1
 Magic Dart               Conj           100%       1d8       0%          1
 Necrotise                Necr           100%       1d9       0%          1
 Shock                    Conj/Air       100%       1d9       0%          1
 Summon Small Mammal      Summ           100%       N/A       0%          1
 Blink                    Tloc           100%       N/A       0%          2
 Call Imp                 Summ           100%       N/A       0%          2
 Cigotuvi's Dreadful Rot  Necr/Pois/Air  100%       N/A       0%          2
 Ensorcelled Hibernation  Hex/Ice        100%       N/A       0%          2
 Jinxbite                 Hex            100%       N/A       0%          2
 Lesser Beckoning         Tloc           100%       N/A       0%          2
 Poisonous Vapours        Pois/Air       100%       N/A       0%          2
 Scorch                   Fire           100%       2d9       0%          2
 Searing Ray              Conj           100%       2d8       0%          2
 Static Discharge         Conj/Air       100%       3-8/arc   0%          2
 Sublimation of Blood     Necr           83%        N/A       0%          2
 Wereblood                Tmut           83%        N/A       0%          2
 Call Canine Familiar     Summ           83%        N/A       1%          3
 Confusing Touch          Hex            83%        N/A       1%          3
 Dazzling Flash           Conj/Hex       100%       N/A       1%          3
 Gell's Gravitas          Tloc           83%        N/A       1%          3
 Hailstorm                Conj/Ice       83%        3d17      1%          3
 Ignite Poison            Fire/Tmut/Pois 83%        N/A       1%          3
 Mephitic Cloud           Conj/Pois/Air  83%        N/A       1%          3
 Ozocubu's Armour         Ice            83%        N/A       1%          3
 Stone Arrow              Conj/Erth      100%       3d13      1%          3
 Summon Guardian Golem    Hex/Summ       83%        N/A       1%          3
 Teleport Other           Tloc           83%        N/A       1%          3
 Tukima's Dance           Hex            83%        N/A       1%          3
 Vampiric Draining        Necr           83%        2d11      1%          3
 Volatile Blastmotes      Fire/Tloc      100%       2d18      1%          3
 Anguish                  Hex/Necr       41%        N/A       1%          4
 Animate Armour           Summ/Erth      100%       N/A       1%          4
 Animate Dead             Necr           83%        N/A       1%          4
 Brom's Barrelling Bould  Conj/Erth      83%        2d9       1%          4
 Cause Fear               Hex            41%        N/A       1%          4
 Dispel Undead            Necr           83%        3d27      1%          4
 Flame Wave               Conj/Fire      83%        2d18      1%          4
 Fulminant Prism          Conj/Hex       41%        3d19      1%          4
 Iskenderun's Mystic Bla  Conj/Tloc      83%        2d16      1%          4
 Leda's Liquefaction      Hex/Erth       41%        N/A       1%          4
 Manifold Assault         Tloc           83%        N/A       1%          4
 Passage of Golubria      Tloc           83%        N/A       1%          4
 Petrify                  Tmut/Erth      83%        N/A       1%          4
 Sticky Flame             Conj/Fire      83%        2d9       1%          4
 Summon Ice Beast         Ice/Summ       83%        N/A       1%          4
 Vhi's Electric Charge    Tloc/Air       100%       N/A       1%          4
 Arcjolt                  Conj/Air       41%        1d51      1%          5
 Borgnjor's Vile Clutch   Necr/Erth      41%        N/A       1%          5
 Fireball                 Conj/Fire      41%        3d17      1%          5
 Freezing Cloud           Conj/Ice/Air   41%        6-21      1%          5
 Iskenderun's Battlesphe  Conj           83%        2d13      1%          5
 Metabolic Englaciation   Hex/Ice        41%        N/A       1%          5
 Silence                  Hex/Air        41%        N/A       1%          5
 Summon Forest            Summ/Tloc      41%        N/A       1%          5
 Bombard                  Conj/Erth      41%        9d7       1%          6
 Conjure Ball Lightning   Conj/Air       41%        3x3d13    1%          6
 Death Channel            Necr           41%        N/A       1%          6
 Dispersal                Tloc           41%        N/A       1%          6
 Plasma Beam              Fire/Air       41%        2x1d55    1%          6
 Simulacrum               Ice/Necr       41%        N/A       1%          6
 Summon Cactus Giant      Summ           41%        N/A       1%          6
 Enfeeble                 Hex            41%        N/A       9%          7
 Haunt                    Necr/Summ      41%        N/A       9%          7
 Malign Gateway           Summ/Tloc      41%        N/A       9%          7
 Monstrous Menagerie      Summ           41%        N/A       9%          7
 Orb of Destruction       Conj           41%        9d11      9%          7
 Spellforged Servitor     Conj/Summ      41%        N/A       9%          7
 Summon Hydra             Summ           41%        N/A       9%          7
 Borgnjor's Revivificati  Necr           41%        N/A       56%         8
 Discord                  Hex            41%        N/A       56%         8
 Disjunction              Tloc           41%        N/A       56%         8
 Infestation              Necr           41%        N/A       56%         8
 Lehudib's Crystal Spear  Conj/Erth      41%        10d10     56%         8
 Maxwell's Capacitive Co  Air            41%        ∞         56%         8
 Summon Horrible Things   Summ           41%        N/A       56%         8
 Death's Door             Necr           41%        N/A       100%        9
 Fire Storm               Conj/Fire      41%        8d11      100%        9
 Polar Vortex             Ice            41%        12d5*     100%        9
 Shatter                  Erth           41%        3d32*     100%        9


Dungeon Overview and Level Annotations

Branches:
Dungeon (15/15)            Temple (0/1) D:7            Lair (5/5) D:10
 Shoals (4/4) Lair:2       Spider (4/4) Lair:2        Slime (0/5) Lair:4
    Orc (2/2) D:12            Elf (0/3) Orc:2        Vaults (4/5) D:14
  Crypt (0/3) Vaults:3     Depths (0/4) D:15          IceCv (visited)

Altars:
Dithmenos
Elyvilon
Fedhas
Gozag
Kikubaaqudgha
Nemelex Xobeh
Okawaru
Qazlal
Ru
Sif Muna
Trog
Uskayaw
Vehumet
Wu Jian
Zin

Shops:
D:9 ((*   Orc:2 (?=*!!?   Shoals:2 :   Vaults:1 !   Vaults:3 (

Annotations:
D:13 Caciup's ghost, journeyman GrFi; Giwuof's ghost, journeyman DjGl
Shoals:1 Nikola
Spider:2 Roxanne
Spider:4 Arachne


Innate Abilities, Weirdness & Mutations

You have very sharp teeth.
Your uncanny sense of smell can sniff out nearby items.
Your experience applies equally to all skills.


Message History

Fire: a) +8 longbow "Zephyr" {speed, Dex+3 SInv}
Press: ? - help, Q - select action, (/) - cycle Shift-Dir - straight line, f/p - dire elephant
Aim: a dire elephant (poison gas, almost dead, very poisoned, misshapen and mutated, 93% to hit)
You shoot an arrow. The arrow hits the dire elephant.
The dire elephant is severely wounded.
The vault warden is engulfed in poison gas.
The vault warden looks as sick as possible!
The dire elephant is engulfed in poison gas.
The dire elephant looks even sicker.
The dire elephant looks as sick as possible!
The dire elephant tramples you!!
* * * LOW HITPOINT WARNING * * *
You hold your ground!
Casting: Irradiate (mildly dangerous; 1% risk of failure)
Confirm with . or Enter, or press ? or * to list all spells.
You erupt in a fountain of uncontrolled magic!
The vault warden is blasted with magical radiation!!
The vault warden is almost dead.
The vault warden twists and deforms.
The dire elephant is blasted with magical radiation!!!
The dire elephant is almost dead.
The dire elephant twists and deforms.
The dire elephant is blasted with magical radiation!!!
You kill the dire elephant!
You are lightly contaminated with residual magic.
The ironbound thunderhulk is engulfed in poison gas.
The ironbound thunderhulk looks as sick as possible!
Electricity crackles from the ironbound thunderhulk's apparatus.
The bolt of lightning hits you!!!
* * * LOW HITPOINT WARNING * * *
The vault warden is engulfed in poison gas.
The vault warden looks as sick as possible!
You kill the vault warden!
The runic seal fades away.
The dire elephant is engulfed in poison gas.
The dire elephant looks as sick as possible!
The dire elephant is engulfed in poison gas.
The dire elephant looks as sick as possible!
The dire elephant tramples you!!
You die...

.......# #.).....#
###.. .......#
#°§[§☼☼°##########''
.......#
#§○[§§☼§##..........
.......#
#§[<○○☼°##..........
.......#
#○☼§☼○°O##..###.###.
.......#
#☼☼§§§☼○##..##.#.##.
######+
#§○§§§☼°##..#.#.#.#.
#○§YY°○§##...#.#.#..
∆
#○§@§°°§##..#.#.#.#.
##########..##.#.##.
#..###.###. ∆
#..........
#.......... ∆
######'######## ∆
#......# #......#
#......#


You could see 2 dire elephants and an ironbound thunderhulk (extremely
poisoned).

Vanquished Creatures
  Mara (Vaults:3)
  Xtahua (Vaults:4)
  A kraken (Shoals:1)
  4 sphinxes
  A tengu reaver (D:14)
  Gastronok (D:11)
  Kirke (Lair:3)
  A draconian knight (IceCv)
  A frost giant (Shoals:4)
  3 emperor scorpions
  Louise (Spider:3)
  A ghost moth (Spider:4)
  12 vault wardens
  A deep elf sorcerer (Vaults:4)
  12 ironbound preservers
  3 orc warlords
  3 formless jellyfish
  A quicksilver ooze (Vaults:3)
  A war gargoyle (Vaults:3)
  A broodmother (Spider:3)
  The ghost of Ynonecli the Marksnaga, a journeyman NaHu of Hepliaklqana (D:14)
  7 ironbound thunderhulks
  10 dire elephants
  3 spark wasps
  The ghost of Otiejusm the Frost Mage, a journeyman GnIE of Gozag (D:14)
  5 white draconians (IceCv)
  3 crystal guardians
  4 merfolk javelineers (Shoals:4)
  The ghost of Cadaeck the Basher, a journeyman GrFi of Jiyva (D:14)
  The ghost of Caciup the Basher, a journeyman GrFi of Jiyva (D:14)
  A deep elf death mage (Vaults:3)
  11 merfolk impalers
  The ghost of Waxwing the Ogre Mage, a journeyman OgFE of Vehumet (D:11)
  5 yaktaur captains
  2 entropy weavers (shapeshifter)
  7 great orbs of eyes
  The ghost of Beryl the Eclecticist, a journeyman DESu of Wu Jian (Shoals:1)
  A rakshasa (D:15)
  5 ironbound frosthearts
  An entropy weaver (Vaults:2)
  4 vault guards
  An ogre mage (D:10)
  2 peacekeepers
  3 merfolk avatars
  5 hydras
  7 boulder beetles
  2 jorogumos
  A death knight (Vaults:3)
  2 radroaches (Spider:4)
  2 satyrs (Shoals:4)
  6 merfolk aquamancers
  4 two-headed ogres
  An anaconda (shapeshifter) (Vaults:3)
  2 death yaks (Lair:5)
  11 centaur warriors
  2 occultists
  Urug (Lair:5)
  14 demonic crawlers
  3 tengu warriors (D:15)
  2 orc high priests (Vaults:1)
  Nergalle (Lair:2)
  A hell knight (D:14)
  A soul eater (Vaults:3)
  2 skysharks
  5 pharaoh ants
  4 skeletal warriors
  3 sun moths (Spider:4)
  14 sea snakes
  A spectral anaconda (Lair:5)
  An orange crystal statue (IceCv)
  4 glowing orange brains
  6 arcanists
  4 steelbarb worms
  2 obsidian statues
  17 harpies
  9 orb spiders
  A deep elf zephyrmancer (D:14)
  33 deep trolls
  A lindwurm (shapeshifter) (D:12)
  A phantasmal warrior (Vaults:3)
  7 ironbound convokers
  12 wolf spiders
  2 deep elf pyromancers (D:14)
  3 necromancers (Lair:5)
  An orc sorcerer (Orc:1)
  17 ugly things
  10 lindwurms
  An oklob plant (Orc:1)
  8 orc knights
  10 fauns
  17 manticores
  10 cyclopes
  A dire elephant zombie (Lair:5)
  14 elephants
  5 moths of wrath
  8 water nymphs
  8 merfolk sirens
  Joseph (D:9)
  5 torpor snails
  13 vault sentinels
  3 black mambas
  5 storm dragon simulacra (IceCv)
  An orange demon (Lair:2)
  5 gargoyles (D:12)
  10 cane toads
  An unseen horror (D:10)
  12 komodo dragons
  A rime drake (Lair:2)
  A dire elephant skeleton (Lair:5)
  3 kobold demonologists
  A freezing wraith (D:14)
  12 yaktaurs
  A tengu conjurer (D:12)
  40 merfolk
  A queen bee (D:10)
  3 polar bears
  A hornet (D:11)
  10 trolls
  15 blink frogs
  7 golden dragon simulacra (IceCv)
  A wind drake (shapeshifter) (D:13)
  3 wind drakes
  32 tarantellas
  3 spectral elephants (Lair:5)
  6 snapping turtles (Shoals:4)
  11 dream sheep
  41 slime creatures
  Sigmund (D:2)
  28 culicivoras
  2 shadows
  4 wyverns
  2 vampires (D:11)
  38 jumping spiders
  23 water elementals
  2 wraiths
  A dire elephant simulacrum (Lair:5)
  5 basilisks
  A hog (Lair:3)
  A hog (shapeshifter) (D:12)
  Eustachio (D:5)
  A steam dragon (Lair:2)
  42 yaks
  A fire elemental (D:10)
  A fire bat (D:12)
  A golden eye (shapeshifter) (D:14)
  A human (Lair:2)
  54 redbacks
  10 vampire mosquitoes
  A spectral cane toad (Lair:5)
  8 wargs
  11 water moccasins
  2 sky beasts
  2 black bears
  An elephant zombie (Lair:5)
  45 orc warriors
  3 boggarts (D:15)
  6 ogres
  11 wolves
  6 ice dragon simulacra (IceCv)
  23 centaurs
  An elephant skeleton (Lair:5)
  2 kobold brigands
  5 bullfrogs
  4 gnoll sergeants
  2 cane toad simulacra (Lair:5)
  3 scorpions
  3 lindwurm simulacra (IceCv)
  47 killer bees
  5 electric eels
  8 howler monkeys
  4 lava snakes
  2 hounds
  2 jellies
  13 orc priests
  3 sleepcaps
  Jessica (D:3)
  4 hell rats (Lair:3)
  4 iguanas
  25 orc wizards
  Natasha (thrice) (D:4)
  7 adders
  22 gnolls
  3 white imps
  4 ufetubi (D:6)
  8 worms
  The ghost of Nanner the Shield-Bearer, a weakling FoFi (D:14)
  The ghost of Nanner the Shield-Bearer, a weakling FoFi (D:14)
  A dart slug (D:2)
  64 orcs
  3 bats
  4 endoplasms
  4 giant cockroaches
  12 hobgoblins
  6 jackals
  4 quokkas
  10 ball pythons
  3 frilled lizards
  10 goblins
  10 kobolds
  5 rats
  A rat (shapeshifter) (Vaults:3)
  4 tentacles (Shoals:1)
1358 creatures vanquished.

Vanquished Creatures (collateral kills)
  Rupert (Lair:5)
  A tengu reaver (Vaults:2)
  An emperor scorpion (Spider:4)
  A war gargoyle (Vaults:4)
  3 dire elephants (Lair:5)
  An ettin (D:15)
  A jorogumo (Spider:1)
  An entropy weaver (Lair:2)
  An ogre mage (D:15)
  A centaur warrior (Vaults:2)
  3 peacekeepers
  A two-headed ogre (D:15)
  A boulder beetle (Spider:4)
  A catoblepas (Lair:1)
  2 demonic crawlers
  A skeletal warrior (D:15)
  A sun moth (Spider:4)
  A pharaoh ant (Spider:4)
  An orb spider (Spider:4)
  A steelbarb worm (Spider:2)
  An orc knight (Vaults:1)
  An ugly thing (D:15)
  3 wolf spiders
  2 manticores
  4 elephants (Lair:5)
  A torpor snail (Spider:1)
  2 dream sheep (Lair:5)
  4 culicivoras
  4 jumping spiders
  A yak (D:8)
  A wraith (D:9)
  5 redbacks
  An iguana (D:4)
  Robin (D:3)
  A gnoll (D:4)
  A worm (D:4)
  2 orcs (D:5)
  A quokka (D:3)
  A kobold (D:4)
62 creatures vanquished.

Vanquished Creatures (others)
  An orc warlord (Vaults:1)
  A very ugly thing (D:12)
  2 humans (Lair:3)
  3 tentacles (Shoals:1)
7 creatures vanquished.

Grand Total: 1427 creatures vanquished

Notes
Turn   | Place    | Note
-------+----------+-------------------------------------------
     0 | D:1      | Forgeling the Gnoll Artificer began the quest for the Orb.
     0 | D:1      | Reached XP level 1. HP: 17/17 MP: 1/1
   123 | D:1      | Reached XP level 2. HP: 15/23 MP: 2/2
   579 | D:1      | Reached XP level 3. HP: 28/28 MP: 3/3
  1004 | D:2      | Noticed Sigmund
  1011 | D:2      | Killed Sigmund
  1012 | D:2      | Reached skill level 1 in Short Blades
  1012 | D:2      | Reached skill level 1 in Long Blades
  1012 | D:2      | Reached skill level 1 in Axes
  1012 | D:2      | Reached skill level 1 in Maces & Flails
  1012 | D:2      | Reached skill level 1 in Polearms
  1012 | D:2      | Reached skill level 1 in Staves
  1012 | D:2      | Reached skill level 1 in Ranged Weapons
  1012 | D:2      | Reached skill level 1 in Throwing
  1012 | D:2      | Reached skill level 1 in Shields
  1012 | D:2      | Reached skill level 1 in Unarmed Combat
  1012 | D:2      | Reached skill level 1 in Spellcasting
  1012 | D:2      | Reached skill level 1 in Conjurations
  1012 | D:2      | Reached skill level 1 in Hexes
  1012 | D:2      | Reached skill level 1 in Summonings
  1012 | D:2      | Reached skill level 1 in Necromancy
  1012 | D:2      | Reached skill level 1 in Translocations
  1012 | D:2      | Reached skill level 1 in Transmutations
  1012 | D:2      | Reached skill level 1 in Fire Magic
  1012 | D:2      | Reached skill level 1 in Ice Magic
  1012 | D:2      | Reached skill level 1 in Air Magic
  1012 | D:2      | Reached skill level 1 in Earth Magic
  1012 | D:2      | Reached skill level 1 in Poison Magic
  1012 | D:2      | Reached skill level 1 in Invocations
  1012 | D:2      | Reached skill level 1 in Shapeshifting
  1012 | D:2      | Reached XP level 4. HP: 35/35 MP: 3/6
  1012 | D:2      | Reached XP level 5. HP: 41/41 MP: 3/7
  1913 | D:3      | Reached skill level 2 in Invocations
  2015 | D:3      | Reached XP level 6. HP: 46/47 MP: 8/8
  2026 | D:3      | Noticed Robin
  2042 | D:2      | Learned a level 1 spell: Summon Small Mammal
  2160 | D:3      | Killed Robin
  2206 | D:3      | Found a hide-covered altar of Uskayaw.
  2206 | D:3      | Found a radiant altar of Vehumet.
  2339 | D:3      | Found an ancient bone altar of Kikubaaqudgha.
  2376 | D:3      | Found a sacrificial altar of Ru.
  2599 | D:3      | Noticed Jessica
  2610 | D:3      | Killed Jessica
  2611 | D:3      | Reached skill level 5 in Armour
  2944 | D:4      | Found an iron altar of Okawaru.
  2944 | D:4      | Found a shimmering blue altar of Sif Muna.
  2949 | D:4      | Became a worshipper of Sif Muna the Loreminder
  2974 | D:4      | Found a white marble altar of Elyvilon.
  3635 | D:4      | Reached XP level 7. HP: 52/52 MP: 8/10
  3833 | D:4      | Noticed Natasha
  3847 | D:4      | Killed Natasha
  3878 | D:4      | Noticed Natasha
  3914 | D:4      | Killed Natasha
  4036 | D:4      | Found an iron altar of Okawaru.
  4037 | D:4      | Found a shimmering blue altar of Sif Muna.
  4182 | D:4      | Noticed Natasha
  4201 | D:4      | Killed Natasha
  4275 | D:4      | Found a white marble altar of Elyvilon.
  4595 | D:5      | Entered Level 5 of the Dungeon
  4640 | D:5      | Noticed Eustachio
  4701 | D:5      | Killed Eustachio
  4702 | D:5      | Reached skill level 3 in Invocations
  5007 | D:5      | Reached * piety under Sif Muna
  5834 | D:5      | Found a blossoming altar of Fedhas.
  5886 | D:5      | Reached XP level 8. HP: 35/60 MP: 12/12
  6058 | D:5      | a gnoll sergeant changed into a blink frog
  6058 | D:5      | Noticed a blink frog
  6071 | D:5      | Killed a blink frog
  6140 | D:5      | Found a sparkling altar of Nemelex Xobeh.
  6326 | D:5      | Found a stormy altar of Qazlal.
  6826 | D:6      | Reached skill level 4 in Invocations
  7411 | D:5      | Reached XP level 9. HP: 34/66 MP: 14/14
  7597 | D:6      | Learned a level 1 spell: Freeze
  7601 | D:6      | Learned a level 3 spell: Frozen Ramparts
  7605 | D:6      | Learned a level 3 spell: Hailstorm
  8467 | D:7      | Reached skill level 5 in Fighting
  8467 | D:7      | Reached skill level 5 in Dodging
  8696 | D:7      | Found a staircase to the Ecumenical Temple.
  8714 | D:7      | Reached skill level 5 in Stealth
  9052 | D:7      | Found a glowing silver altar of Zin.
  9176 | D:7      | Found an opulent altar of Gozag.
  9580 | D:8      | Reached ** piety under Sif Muna
  9581 | D:8      | Reached skill level 5 in Invocations
 10217 | D:9      | Noticed Joseph
 10255 | D:9      | Reached XP level 10. HP: 60/75 MP: 13/17
 10311 | D:9      | Found Jitt's General Store.
 10314 | D:9      | Reached skill level 5 in Short Blades
 10314 | D:9      | Reached skill level 5 in Long Blades
 10314 | D:9      | Reached skill level 5 in Axes
 10314 | D:9      | Reached skill level 5 in Maces & Flails
 10314 | D:9      | Reached skill level 5 in Polearms
 10314 | D:9      | Reached skill level 5 in Staves
 10314 | D:9      | Reached skill level 5 in Ranged Weapons
 10314 | D:9      | Reached skill level 5 in Throwing
 10314 | D:9      | Reached skill level 5 in Shields
 10314 | D:9      | Reached skill level 5 in Unarmed Combat
 10314 | D:9      | Reached skill level 5 in Spellcasting
 10326 | D:9      | Bought a scroll of blinking for 127 gold pieces
 10326 | D:9      | Bought a scroll of poison for 68 gold pieces
 10357 | D:9      | Killed Joseph
 10530 | D:9      | Found Unakh's Weapon Shop.
 10787 | D:9      | Found Didet's Weapon Boutique.
 10965 | D:9      | Reached skill level 6 in Invocations
 10965 | D:9      | Reached skill level 5 in Shapeshifting
 11965 | D:9      | Learned a level 2 spell: Call Imp
 12170 | D:10     | Entered Level 10 of the Dungeon
 12197 | D:10     | Reached XP level 11. HP: 72/83 MP: 15/19
 12324 | D:10     | Reached *** piety under Sif Muna
 12327 | D:10     | Reached skill level 5 in Conjurations
 12327 | D:10     | Reached skill level 5 in Hexes
 12327 | D:10     | Reached skill level 5 in Summonings
 12327 | D:10     | Reached skill level 5 in Necromancy
 12327 | D:10     | Reached skill level 5 in Translocations
 12327 | D:10     | Reached skill level 5 in Transmutations
 12327 | D:10     | Reached skill level 5 in Fire Magic
 12327 | D:10     | Reached skill level 5 in Ice Magic
 12327 | D:10     | Reached skill level 5 in Air Magic
 12327 | D:10     | Reached skill level 5 in Earth Magic
 12327 | D:10     | Reached skill level 5 in Poison Magic
 12938 | D:10     | Noticed an ogre mage
 12940 | D:10     | Noticed a centaur warrior
 12956 | D:10     | Killed a centaur warrior
 12957 | D:10     | Reached skill level 7 in Invocations
 13432 | D:10     | Found an ornate altar of the Wu Jian Council.
 13655 | D:10     | Reached **** piety under Sif Muna
 13724 | D:10     | Found a portal to a secret trove of treasure.
 13731 | D:10     | Found a staircase to the Lair.
 14005 | D:10     | Identified the +7 quarterstaff of Duty {pain, *Slow rElec
                  | Dex+5}
 14038 | D:10     | Killed an ogre mage
 14107 | D:10     | Noticed a cyclops
 14129 | D:10     | Killed a cyclops
 14167 | D:10     | Noticed a brown ugly thing
 14175 | D:10     | Killed a brown ugly thing
 14332 | D:10     | Reached XP level 12. HP: 91/91 MP: 11/22
 14684 | D:10     | Found a staircase to the Lair.
 14696 | D:10     | Found a portal to a secret trove of treasure.
 14878 | D:10     | Found an ornate altar of the Wu Jian Council.
 15055 | D:11     | Identified the +6 short sword of Traps {drain, rN++ Str-4
                  | Stlth+}
 15733 | D:11     | Found a shadowy altar of Dithmenos.
 15741 | D:11     | Noticed Gastronok
 15793 | D:11     | Found a transporter.
 15799 | D:11     | Found a transporter.
 15800 | D:11     | Found a bloodstained altar of Trog.
 15813 | D:11     | Noticed Waxwing's ghost (journeyman OgFE)
 16000 | D:11     | Learned a level 4 spell: Flame Wave
 16058 | Lair:1   | Entered Level 1 of the Lair of Beasts
 16151 | Lair:1   | Noticed a catoblepas
 16164 | Lair:1   | Reached skill level 8 in Invocations
 16175 | Lair:1   | Killed a catoblepas
 16432 | Lair:1   | Reached skill level 10 in Evocations
 16930 | Lair:1   | Reached ***** piety under Sif Muna
 17330 | Lair:2   | Found a hole to the Spider Nest.
 17807 | Lair:2   | Identified the "Babael" (Sif Muna gifted it to you on
                  | level 2 of the Lair of Beasts)
 17807 | Lair:2   | Received a gift from Sif Muna
 17887 | Lair:2   | Noticed Amaemon
 17896 | Lair:2   | Amaemon changed into Amaemon the cane toad
 17896 | Lair:2   | Noticed Amaemon
 17898 | Lair:2   | Killed Amaemon the cane toad
 17899 | Lair:2   | Reached XP level 13. HP: 50/99 MP: 23/25
 18114 | Lair:2   | Found a staircase to the Shoals.
 18368 | Lair:3   | Noticed Kirke
 18380 | Lair:3   | Noticed a sphinx
 18383 | Lair:3   | Killed Kirke
 18396 | Lair:3   | Reached skill level 9 in Invocations
 18523 | Lair:3   | Noticed Nergalle
 18536 | Lair:3   | Learned a level 5 spell: Freezing Cloud
 18578 | Lair:2   | Killed Nergalle
 19316 | Lair:3   | Identified the +2 kite shield "Xakiaz" {Harm Str+4 Dex+4}
 19791 | Lair:4   | Found a staircase to the Slime Pits.
 20864 | Lair:4   | Learned a level 4 spell: Summon Lightning Spire
 21234 | Lair:5   | Entered Level 5 of the Lair of Beasts
 21422 | Lair:5   | Reached skill level 10 in Armour
 21717 | Lair:5   | Noticed Urug
 21722 | Lair:5   | Killed Urug
 21823 | Lair:5   | Identified the "Mutawu" (Sif Muna gifted it to you on
                  | level 5 of the Lair of Beasts)
 21823 | Lair:5   | Received a gift from Sif Muna
 21824 | Lair:5   | Reached XP level 14. HP: 106/108 MP: 3/27
 22393 | Lair:5   | Noticed a dire elephant
 22393 | Lair:5   | Noticed a dire elephant
 22393 | Lair:5   | Noticed a dire elephant
 22415 | Lair:5   | Reached skill level 10 in Invocations
 22557 | Lair:5   | Noticed a dire elephant
 23170 | D:11     | Identified the +4 hand axe of Magnificence {elec, rElec rN+
                  | Dex+6}
 23270 | D:11     | Killed Waxwing's ghost
 23566 | D:12     | Found a staircase to the Orcish Mines.
 23672 | D:12     | Noticed a cyan very ugly thing
 23691 | D:12     | Identified the amulet of the Heavens {Faith rF- rN+ Regen+}
 23808 | D:11     | Learned a level 4 spell: Airstrike
 24273 | D:12     | Noticed Sonja
 24274 | D:12     | Sonja changed into Sonja the fire bat
 24274 | D:12     | Noticed Sonja
 24278 | D:12     | Killed Sonja the fire bat
 25521 | Orc:1    | Entered Level 1 of the Orcish Mines
 25596 | Orc:1    | Reached skill level 10 in Fighting
 25596 | Orc:1    | Reached skill level 10 in Dodging
 26183 | Orc:2    | Entered Level 2 of the Orcish Mines
 26226 | Orc:2    | Reached skill level 10 in Stealth
 26361 | Orc:2    | Received a gift from Sif Muna
 26717 | Orc:2    | Found Xamyny's Weapon Boutique.
 27152 | Orc:2    | Noticed an orc warlord
 27173 | Orc:2    | Killed an orc warlord
 27457 | Orc:2    | Found Diveolaups's Magic Scroll Shop.
 27506 | Orc:2    | Bought a scroll of noise for 12 gold pieces
 27506 | Orc:2    | Bought a scroll of fog for 48 gold pieces
 27521 | Orc:2    | Found a staircase to the Elven Halls.
 27680 | Orc:2    | Found Funnas's Magic Scroll Shoppe.
 27688 | Orc:2    | Bought a scroll of revelation for 97 gold pieces
 27734 | Orc:2    | Found Muteshun's Distillery.
 27734 | Orc:2    | Found Wyclajar's General Store.
 27736 | Orc:2    | Found Yshitul's Jewellery Shoppe.
 27738 | Orc:2    | Found Cidijoqe's Distillery.
 27750 | Orc:2    | Bought a potion of haste for 160 gold pieces
 27924 | Orc:2    | Bought the ring "Qiopy" {rPois rCorr Int+3 Slay+3} for 701
                  | gold pieces
 28048 | D:13     | Reached XP level 15. HP: 102/115 MP: 5/28
 28407 | D:13     | Received a gift from Sif Muna
 28644 | D:13     | Reached skill level 10 in Short Blades
 28644 | D:13     | Reached skill level 10 in Long Blades
 28644 | D:13     | Reached skill level 10 in Axes
 28644 | D:13     | Reached skill level 10 in Maces & Flails
 28644 | D:13     | Reached skill level 10 in Polearms
 28644 | D:13     | Reached skill level 10 in Staves
 28644 | D:13     | Reached skill level 10 in Ranged Weapons
 28644 | D:13     | Reached skill level 10 in Throwing
 28644 | D:13     | Reached skill level 10 in Shields
 28644 | D:13     | Reached skill level 10 in Unarmed Combat
 28644 | D:13     | Reached skill level 10 in Spellcasting
 28962 | Orc:2    | Bought a scroll of identify for 26 gold pieces
 28962 | Orc:2    | Bought a scroll of identify for 26 gold pieces
 28962 | Orc:2    | Bought a scroll of identify for 26 gold pieces
 29214 | D:14     | Found a huge runed gate.
 29214 | D:14     | Found a huge runed gate.
 29214 | D:14     | Found a huge runed gate.
 29214 | D:14     | Found a huge runed gate.
 29214 | D:14     | Found a huge runed gate.
 29214 | D:14     | Found a huge runed gate.
 29214 | D:14     | Found a huge runed gate.
 29214 | D:14     | Found a huge runed gate.
 29214 | D:14     | Found a huge runed gate.
 29214 | D:14     | Found a huge runed gate.
 29223 | D:14     | Found a huge runed gate.
 29223 | D:14     | Found a huge runed gate.
 29302 | D:14     | Found a huge runed gate.
 29302 | D:14     | Found a huge runed gate.
 29302 | D:14     | Found a huge runed gate.
 29302 | D:14     | Found a huge runed gate.
 29302 | D:14     | Found a huge runed gate.
 29304 | D:14     | Found a huge runed gate.
 29311 | D:14     | Found a huge runed gate.
 29313 | D:14     | Found a huge runed gate.
 29313 | D:14     | Found a huge runed gate.
 29313 | D:14     | Found a huge runed gate.
 29313 | D:14     | Found a huge runed gate.
 29313 | D:14     | Found a huge runed gate.
 29314 | D:14     | Found a huge runed gate.
 29320 | D:14     | Found a huge runed gate.
 29321 | D:14     | Found a huge runed gate.
 29321 | D:14     | Found a huge runed gate.
 29405 | D:14     | Found a huge runed gate.
 29406 | D:14     | Found a huge runed gate.
 29407 | D:14     | Found a huge runed gate.
 29408 | D:14     | Found a huge runed gate.
 29409 | D:14     | Found a huge runed gate.
 29410 | D:14     | Found a huge runed gate.
 29411 | D:14     | Found a huge runed gate.
 29412 | D:14     | Found a huge runed gate.
 29451 | D:14     | Reached skill level 11 in Invocations
 29866 | D:14     | Found a gate to the Vaults.
 29995 | D:14     | Found a white marble altar of Elyvilon.
 30131 | D:15     | Entered Level 15 of the Dungeon
 31531 | D:15     | Identified the of Penniydgh (Sif Muna gifted it to you on
                  | level 15 of the Dungeon)
 31531 | D:15     | Received a gift from Sif Muna
 32029 | D:15     | Found a staircase to the Depths.
 32101 | D:14     | Found the +7 mace of Variability {chaos, chaos arc}
 32101 | D:14     | Noticed Caciup's ghost (journeyman GrFi)
 32101 | D:14     | Noticed a tengu reaver
 32101 | D:14     | Noticed Giwuof's ghost (journeyman DjGl)
 32101 | D:14     | Noticed Nanner's ghost (weakling FoFi)
 32101 | D:14     | Noticed Caciup's ghost (journeyman GrFi)
 32101 | D:14     | Noticed Ynonecli's ghost (journeyman NaHu)
 32101 | D:14     | Noticed Nanner's ghost (weakling FoFi)
 32101 | D:14     | Noticed Cadaeck's ghost (journeyman GrFi)
 32101 | D:14     | Noticed Otiejusm's ghost (journeyman GnIE)
 32541 | D:14     | Killed a tengu reaver
 32775 | D:14     | Identified the +2 orcbow "Roicwaet" {heavy, Dex+7}
 32776 | D:14     | Identified the ring of the Duchess {Fly rPois rF+ Int+5
                  | Dex+2}
 32800 | D:14     | Killed Cadaeck's ghost
 32875 | D:14     | Identified the ring "Coittu" {rC+ Int+6 Dex+4 Slay+2}
 33034 | D:14     | Killed Otiejusm's ghost
 33132 | D:14     | Killed Caciup's ghost
 33141 | D:14     | Killed Nanner's ghost
 33142 | D:14     | Killed Nanner's ghost
 33352 | D:14     | Identified the +4 hand axe of Areqi {heavy, rElec rF- rCorr
                  | Dex+3}
 33406 | D:15     | Learned a level 5 spell: Summon Mana Viper
 33424 | D:14     | Killed Ynonecli's ghost
 33425 | D:14     | Reached XP level 16. HP: 121/125 MP: 5/30
 33532 | Orc:2    | Bought the +8 longbow "Zephyr" {speed, Dex+3 SInv} for 1155
                  | gold pieces
 33532 | Orc:2    | Found the +8 longbow "Zephyr" {speed, Dex+3 SInv}
 33656 | D:11     | Killed Gastronok
 33831 | D:12     | Identified the staff of Resumed Hostilities {rElec rF+
                  | Will+++ rCorr Str-3 Fire}
 33841 | D:12     | Identified the staff "Cidy" {rN+ Dex+3 SInv Necro}
 34196 | Lair:5   | Identified the maw talisman "Ugrocsue" {Str+2}
 34196 | Lair:5   | Noticed Rupert
 34219 | Lair:5   | Killed Rupert
 34394 | Lair:5   | Reached skill level 10 in Shapeshifting
 35816 | Lair:5   | Reached skill level 12 in Invocations
 35998 | Lair:5   | Learned a level 5 spell: Agony
 36132 | Spider:1 | Entered Level 1 of the Spider Nest
 36936 | Lair:2   | Identified the "Othrejapef" (Sif Muna gifted it to you on
                  | level 2 of the Lair of Beasts)
 36936 | Lair:2   | Received a gift from Sif Muna
 37086 | Orc:2    | Bought a scroll of amnesia for 48 gold pieces
 37094 | Orc:2    | Learned a level 6 spell: Starburst
 38559 | Spider:1 | Identified the +8 sling "Zirest" {elec, rCorr Dex+2 Stlth+}
 39564 | Spider:2 | Noticed Roxanne
 39616 | Spider:2 | Identified the "Ziamet" (Sif Muna gifted it to you on
                  | level 2 of the Spider Nest)
 39616 | Spider:2 | Received a gift from Sif Muna
 39875 | Spider:2 | Reached XP level 17. HP: 125/133 MP: 23/32
 40435 | Spider:3 | Noticed Louise
 40449 | Spider:3 | Killed Louise
 40465 | Spider:3 | Found a frozen archway.
 40505 | IceCv    | Entered an ice cave
 40624 | IceCv    | Reached ****** piety under Sif Muna
 41113 | IceCv    | Reached skill level 10 in Conjurations
 41113 | IceCv    | Reached skill level 10 in Hexes
 41113 | IceCv    | Reached skill level 10 in Summonings
 41113 | IceCv    | Reached skill level 10 in Necromancy
 41113 | IceCv    | Reached skill level 10 in Translocations
 41113 | IceCv    | Reached skill level 10 in Transmutations
 41113 | IceCv    | Reached skill level 10 in Fire Magic
 41113 | IceCv    | Reached skill level 10 in Ice Magic
 41113 | IceCv    | Reached skill level 10 in Air Magic
 41113 | IceCv    | Reached skill level 10 in Earth Magic
 41113 | IceCv    | Reached skill level 10 in Poison Magic
 41982 | IceCv    | Identified the ring "Butuuji" {Wiz Int+3 Slay+5}
 42316 | IceCv    | Identified the +8 ice dragon scales of Weros {rF- rC++
                  | rCorr Str+3 Dex+3 Stlth-}
 42347 | IceCv    | Identified the ring of Freedom {rC+ Dex+6}
 43102 | Spider:4 | Entered Level 4 of the Spider Nest
 43235 | Spider:4 | Identified the of Tigogry (Sif Muna gifted it to you on
                  | level 4 of the Spider Nest)
 43235 | Spider:4 | Received a gift from Sif Muna
 43308 | Spider:4 | Reached skill level 13 in Invocations
 45310 | Spider:4 | Reached XP level 18. HP: 102/141 MP: 29/34
 45612 | Spider:4 | Received a gift from Sif Muna
 45615 | Spider:4 | Identified a scroll of acquirement
 45916 | Spider:4 | Noticed Arachne
 46784 | Spider:4 | Got a gossamer rune of Zot
 46843 | Spider:4 | Upgraded the game from 0.31-a0-986-g5e6e4ef867 to
                  | 0.31-a0-1071-gaead2f62b1
 46953 | Shoals:1 | Entered Level 1 of the Shoals
 46969 | Shoals:1 | Learned a level 5 spell: Irradiate
 46991 | Shoals:1 | Noticed Nikola
 47951 | Shoals:1 | Found a large runed translucent door.
 47951 | Shoals:1 | Found a large runed translucent door.
 48186 | Shoals:1 | Found a glowing silver altar of Zin.
 48256 | Shoals:1 | Received a gift from Sif Muna
 48259 | Shoals:1 | Got Sif Muna's Precepts of Geomancy {god gift}
 48459 | Shoals:1 | Noticed Beryl's ghost (journeyman DESu)
 48479 | Shoals:1 | Killed Beryl's ghost
 48606 | Shoals:2 | Found Neptoxt's Vocational Training.
 49636 | Shoals:2 | Bought a manual of Invocations for 1040 gold pieces
 49671 | Shoals:3 | Found an opulent altar of Gozag.
 49882 | Shoals:3 | Reached skill level 14 in Invocations
 50821 | Shoals:4 | Entered Level 4 of the Shoals
 51092 | Shoals:4 | Received a gift from Sif Muna
 51300 | Shoals:4 | Reached XP level 19. HP: 120/149 MP: 26/36
 52524 | Shoals:4 | Got a barnacled rune of Zot
 52798 | Shoals:4 | Received a gift from Sif Muna
 52859 | Shoals:4 | Got Sif Muna's Meditations on Misfortune {god gift}
 53257 | Shoals:4 | Identified the +4 quarterstaff of Voracious Tortfeasance
                  | {elec, Fly}
 53633 | Shoals:4 | Reached skill level 15 in Invocations
 53839 | Lair:2   | Learned a level 5 spell: Yara's Violent Unravelling
 53999 | Vaults:1 | Entered Level 1 of the Vaults
 56329 | Vaults:1 | Found Inwapn's Distillery.
 56823 | Vaults:2 | Reached skill level 15 in Evocations
 57002 | D:10     | You paid a toll of 2 scrolls of acquirement to enter a
                  | treasure trove
 57003 | Trove    | Entered a treasure trove
 57003 | Trove    | Found the +18 shield of the Gong {Loud rN+ Will+ rCorr
                  | EV-5}
 57007 | Trove    | Identified the +3 buckler "Keulohir" {Will+}
 57009 | Trove    | Found the Hermit's Pendant {Faith Invo=14 Evo=0 MP+5}
 57054 | Trove    | Identified the +8 crystal plate armour "Bysch" {rPois rN+
                  | Regen+}
 57066 | Trove    | Identified the +6 quick blade of Pocwyff {spect, rPois rC+
                  | Will+ Str+2}
 57399 | Vaults:2 | Received a gift from Sif Muna
 57400 | Vaults:2 | Got Ymnain's Folio of the Fulgent Commander {god gift}
 57463 | Vaults:2 | Reached XP level 20. HP: 46/158 MP: 37/37
 57826 | Vaults:2 | Learned a level 4 spell: Dimensional Bullseye
 58309 | Vaults:1 | Reached skill level 16 in Invocations
 60325 | Vaults:3 | Received a gift from Sif Muna
 60326 | Vaults:3 | Got Dispater's Volume of Bruises {god gift}
 60865 | Vaults:3 | Found Nyrchael's Antique Weapon Boutique.
 61013 | Vaults:3 | Noticed Mara
 61047 | Vaults:3 | Killed Mara
 61136 | Vaults:3 | Found a staircase to the Crypt.
 61665 | Vaults:3 | Found a runed translucent door.
 61732 | Vaults:3 | Reached skill level 17 in Invocations
 61849 | Vaults:3 | Reached skill level 15 in Armour
 61894 | Vaults:3 | Identified the +8 shortbow "Uhedghuwe" {speed, rPois rN+
                  | Str+6 Dex-2}
 61989 | Vaults:4 | Reached XP level 21. HP: 121/166 MP: 33/39
 62635 | Vaults:4 | Noticed Xtahua
 62649 | Vaults:4 | Paralysed by Xtahua for 2 turns
 62658 | Vaults:4 | Killed Xtahua
 62658 | Vaults:4 | Received a gift from Sif Muna
 63244 | Vaults:4 | Slain by a dire elephant

Illustrated notes

Levels and vault maps discovered:
D:1:      saegor_arrival_under_anarchy, layout_basic, minivault_27, minivault_23
D:2:      layout_loops_cross, uniq_sigmund
D:3:      layout_loops_ring, kiku_gazebo_garden_becter, nicolae_ru_awakened_eye,
          nicolae_overflow_two_pavilions, nrook_campfire, uniq_jessica,
          uniq_robin
D:4:      layout_cave_pools, gammafunk_temple_overflow_statue,
          mainiacjoe_overflow_catwalk, serial_rivers,
          chequers_serial_rivers_room_a, chequers_serial_rivers_micro_e,
          chequers_serial_rivers_micro_d, chequers_serial_rivers_small_a,
          minmay_liquid_box, nicolae_wormholes, uniq_natasha
D:5:      layout_loops_ring, mainiacjoe_overflow_alcove_1,
          hangedman_feature_mirror, uniq_eustachio
D:6:      layout_gridville, minmay_misc_feat_diagonals,
          kennysheep_generic_room_4
D:7:      layout_loops_ring, grunt_gozag_statues, zin_treasury,
          minmay_temple_entry_ruins, feat_on_display
D:8:      layout_gridville
D:9:      layout_loops_ring, serial_shops, nicolae_diamond_shop, shop,
          nicolae_shop_statue_plus, hangedman_decor_clover_reticule,
          minmay_misc_feat_cross, uniq_joseph
D:10:     layout_roguey [special_room_bee], lemuel_tele_altar,
          erik_lair_orcish_takeover, enter_trove_2, minmay_pinched_square
D:11:     layout_rooms, gammafunk_ghost_wrathful_warriors,
          grunt_dithmenos_smoke, uniq_gastronok
D:12:     four-leaf_vault, layout_irregular_city, erik_orc_3,
          hangedman_decor_peaks_small, chequers_serial_rivers_large_a,
          minmay_protected_statue, uniq_sonja
D:13:     layout_basic
D:14:     layout_cross, david_vaults_1, nicolae_tricolors,
          gammafunk_ghost_door_vault, minmay_misc_feat_tower,
          nicolae_elyvilon_temple_path
D:15:     hangedman_depths_entry_civil_slaughter, layout_irregular_city,
          nicolae_lava_and_water
Lair:1:   layout_chaotic_city, st_stairs_3, amcnicky_mini_pool_medium
Lair:2:   layout_loops_ring, elwin_shoals_entry_rooms,
          spider_nest_entry_web_field, uniq_amaemon
Lair:3:   layout_cave_shapes, uniq_kirke, uniq_nergalle
Lair:4:   layout_cave_pods, slime_entry_1
Lair:5:   due_jungle_book, layout_cave_pods, serial_bayou_lake_a,
          infiniplex_staircase_pool, uniq_urug, uniq_rupert
Shoals:1: layout_shoals, ebering_ghost_disaster_area,
          nicolae_shoals_square_sea_wall, wheals_shoals_ruined_temple,
          uniq_nikola
Shoals:2: layout_shoals, nicolae_shop_vocational
Shoals:3: layout_shoals, lemuel_altar_in_water
Shoals:4: shoals_end_grunt_ice, layout_shoals
Spider:1: layout_spider_delve
Spider:2: layout_spider_delve, uniq_roxanne
Spider:3: layout_spider_delve, portal_ice_cave_entry_pillars_three, uniq_louise
Spider:4: grunt_spider_rune_island, drop_trap, nicolae_spider_rock_and_or_roll,
          uniq_arachne
Orc:1:    layout_caves, mines3_lemuel
Orc:2:    st_orc_rangers, layout_caves, serial_shops, shop,
          nicolae_shop_pleasant_corner_grove, nicolae_shop_crystal
Vaults:1: nicolae_vaults_what_the_h, nicolae_vaults_trapezoid_lopsided_2,
          nicolae_vaults_ring_of_whatevers, nicolae_vaults_six-pack,
          v_alt_pattern_3, minmay_orc_keep, layout_vaults_quadrants,
          serial_shops, nicolae_shop_waterfront
Vaults:2: hangedman_vaults_pinch, nicolae_vaults_stairing_the_circle,
          vaults_mumra_hexcomb, v_misc_27, nicolae_vaults_mini_display_case,
          vaults_mumra_hex, v_misc_15, nicolae_vaults_little_squares_1,
          vaults_mumra_chevron, vaults_dpeg_spiral, v_misc_15,
          layout_vaults_ring
Vaults:3: nicolae_vaults_oozy_zoo, minmay_crypt_entry_simple_box,
          ontoclasm_vaults_chip, v_misc_26, nicolae_vaults_inception_corners,
          hangedman_vaults_capsules, nicolae_vaults_network_square,
          hangedman_vaults_variations, layout_vaults_omnibox, serial_shops,
          shop, uniq_mara
Vaults:4: v_pattern_4, nicolae_vaults_you_can_take_it_with_you, v_misc_23,
          v_misc_5, nicolae_vaults_little_squares_1,
          nicolae_vaults_offset_grid_hallway_1, nicolae_vaults_wine_cellar,
          nicolae_vaults_surprise_closet, nicolae_vaults_sightless_eye,
          hangedman_vaults_cutoff, ontoclasm_vaults_ring_small,
          vaults_room_large_hall, ontoclasm_vaults_loading_screen,
          nicolae_vaults_offset_grid_hallway_3, v_misc_17,
          serial_library_hellmonk_open_cross, ontoclasm_vaults_shuriken,
          layout_vaults_maze, uniq_xtahua

Skill      XL: |  1  2  3  4  5  6  7  8  9 10 11 12 13 14 15 16 17 18 19 20 |
---------------+-------------------------------------------------------------+-----
Fighting       | 3 4 5 6 7 8 9 10 11 12 13 14 | 14.8
Short Blades   | 1 2 3 4 5 6 8 9 10 11 12 13 14 | 14.5
Long Blades    | 1 2 3 4 5 6 8 9 10 11 12 13 14 | 14.5
Axes           | 1 2 3 4 5 6 8 9 10 11 12 13 14 | 14.5
Maces & Flails | 1 2 3 4 5 6 8 9 10 11 12 13 14 | 14.5
Polearms       | 1 2 3 4 5 6 8 9 10 11 12 13 14 | 14.5
Staves         | 1 2 3 4 5 6 8 9 10 11 12 13 14 | 14.5
Ranged Weapons | 1 2 3 4 5 6 8 9 10 11 12 13 14 | 14.5
Throwing       | 1 2 3 4 5 6 8 9 10 11 12 13 14 | 14.5
Dodging        | 3 4 5 6 7 8 9 10 11 12 13 14 | 14.8
Shields        | 1 2 3 4 5 6 8 9 10 11 12 13 14 | 14.5
Unarmed Combat | 1 2 3 4 5 6 8 9 10 11 12 13 14 | 14.5
Spellcasting   | 1 2 3 4 5 6 8 9 10 11 12 13 14 | 14.5
Conjurations   | 1 2 3 4 5 6 7 8 9 10 11 12 | 12.4
Hexes          | 1 2 3 4 5 6 7 8 9 10 11 12 | 12.4
Summonings     | 1 2 3 4 5 6 7 8 9 10 11 12 | 12.4
Necromancy     | 1 2 3 4 5 6 7 8 9 10 11 12 | 12.4
Translocations | 1 2 3 4 5 6 7 8 9 10 11 12 | 12.4
Transmutations | 1 2 3 4 5 6 7 8 9 10 11 12 | 12.4
Fire Magic     | 1 2 3 4 5 6 7 8 9 10 11 12 | 12.4
Ice Magic      | 1 2 3 4 5 6 7 8 9 10 11 12 | 12.4
Air Magic      | 1 2 3 4 5 6 7 8 9 10 11 12 | 12.4
Earth Magic    | 1 2 3 4 5 6 7 8 9 10 11 12 | 12.4
Poison Magic   | 1 2 3 4 5 6 7 8 9 10 11 12 | 12.4
Invocations    | 1 2 3 4 5 6 7 8 9 10 11 12 13 14 15 17 | 17.5
Shapeshifting  | 1 2 3 4 5 6 7 8 9 10 11 12 13 | 13.4
Stealth        | 3 4 5 6 7 8 9 10 11 12 13 14 | 14.7
Armour         | 5 6 7 8 9 10 11 12 13 14 15 | 15.2
Evocations     | 7 8 9 10 11 12 13 14 15 | 15.8

Action                     |  1- 3 |  4- 6 |  7- 9 | 10-12 | 13-15 | 16-18 | 19-21 || total
---------------------------+-------+-------+-------+-------+-------+-------+-------++-------
  Melee: Dagger            |   109 |   383 |   260 |   135 |       |       |       ||   887
         Bite              |    11 |    34 |    48 |    63 |    73 |     1 |       ||   230
         Club              |     1 |       |       |       |       |       |       ||     1
         Punch             |       |     1 |       |       |       |       |       ||     1
         Unarmed           |       |       |    11 |       |       |       |       ||    11
         Trident           |       |       |   171 |   245 |       |       |       ||   416
         Rapier            |       |       |       |   119 |   165 |       |       ||   284
         Demon trident     |       |       |       |       |   374 |       |       ||   374
         Hand axe          |       |       |       |       |       |     2 |       ||     2
         Staff             |       |       |       |       |       |     3 |       ||     3
   Fire: Sling             |       |    23 |    19 |       |       |       |       ||    42
         Longbow           |       |       |       |       |       |  1694 |  1324 ||  3018
  Throw: Dart              |       |     5 |     4 |       |     6 |       |       ||    15
   Cast: Summon Small Mamm |       |    22 |    81 |     6 |     2 |       |       ||   111
         Frozen Ramparts   |       |       |    31 |    89 |   103 |    49 |     1 ||   273
         Hailstorm         |       |       |       |    32 |    43 |     1 |       ||    76
         Freeze            |       |       |       |    38 |       |       |       ||    38
         Call Imp          |       |       |       |     8 |       |       |       ||     8
         Flame Wave        |       |       |       |     1 |    39 |     3 |       ||    43
         Freezing Cloud    |       |       |       |       |    16 |     4 |     1 ||    21
         Summon Lightning  |       |       |       |       |    13 |    11 |       ||    24
         Airstrike         |       |       |       |       |   160 |    22 |    55 ||   237
         Summon Mana Viper |       |       |       |       |       |    48 |    11 ||    59
         Starburst         |       |       |       |       |       |    48 |    16 ||    64
         Irradiate         |       |       |       |       |       |     7 |    53 ||    60
         Yara's Violent Un |       |       |       |       |       |       |     7 ||     7
         Dimensional Bulls |       |       |       |       |       |       |     2 ||     2
Ability: Evoke Invisibilit |       |     1 |       |       |       |       |       ||     1
  Evoke: Wand              |     4 |       |    10 |    29 |    21 |    14 |     9 ||    87
         Phantom mirror    |       |       |       |     2 |     3 |     1 |     1 ||     7
         Sack of spiders   |       |       |       |       |       |     2 |     1 ||     3
    Use: Scroll            |     3 |     1 |     2 |     3 |    11 |    14 |    10 ||    44
         Potion            |       |       |     1 |       |     1 |     4 |     2 ||     8
   Stab: Sleeping          |     3 |     9 |     2 |       |     8 |       |       ||    22
         Distracted        |       |     1 |     3 |     1 |     2 |       |       ||     7
         Invisible         |       |     1 |       |       |       |       |       ||     1
         Paralysed         |       |       |       |     6 |       |       |       ||     6
         Petrified         |       |       |       |     4 |       |       |       ||     4
 Armour: Leather armour    |    47 |   218 |   269 |   120 |       |       |       ||   654
         Skin              |       |       |     2 |       |       |       |       ||     2
         Troll leather arm |       |       |       |   221 |   300 |       |       ||   521
         Robe              |       |       |       |       |    38 |   577 |   297 ||   912
  Dodge: Dodged            |    68 |   218 |   218 |   257 |   305 |   949 |   419 ||  2434
  Block: Buckler           |       |    88 |   139 |   166 |    44 |       |       ||   437
         Kite shield       |       |       |       |       |   396 |       |       ||   396

Table legend: (Time is in decaauts)
 A = Elapsed time spent in this place.
 B = Non-inter-level travel time spent in this place.
 C = Inter-level travel time spent in this place.
 D = Time resting spent in this place.
 E = Time spent auto-exploring this place.
 F = Levels seen in this place.
 G = Mean time per level.
                   A        B        C        D        E       F      G
               +--------+--------+--------+--------+--------+-----+--------+
         Total |  62478 |  58038 |   4440 |   7420 |  35553 |  36 | 1735.5 |
       Dungeon |  25648 |  23145 |   2503 |   2042 |  14803 |  15 | 1709.9 |
          Lair |   9905 |   9096 |    809 |   1058 |   5721 |   5 | 1981.0 |
        Shoals |   6723 |   6433 |    290 |    703 |   3953 |   4 | 1680.8 |
   Spider Nest |   7461 |   7247 |    214 |   1553 |   3764 |   4 | 1865.2 |
  Orcish Mines |   2725 |   2348 |    377 |    667 |   1059 |   2 | 1362.5 |
        Vaults |   7909 |   7663 |    246 |    738 |   5414 |   4 | 1977.2 |
         Trove |     83 |     83 |      0 |      0 |     12 |   1 |   83.0 |
      Ice Cave |   2021 |   2021 |      0 |    656 |    826 |   1 | 2021.0 |
               +--------+--------+--------+--------+--------+-----+--------+

Top non-repeatable levels by time:
  Lair:5: 3573 daAuts
    D:10: 2995 daAuts
    D:14: 2977 daAuts
Spider:4: 2832 daAuts
    D:12: 2713 daAuts
Vaults:2: 2646 daAuts
  Lair:2: 2384 daAuts
Vaults:1: 2309 daAuts
Shoals:4: 2141 daAuts
   IceCv: 2021 daAuts
     D:4: 1975 daAuts
Vaults:3: 1933 daAuts
Spider:1: 1903 daAuts
     D:5: 1872 daAuts
Shoals:3: 1828 daAuts
